 Dungeon Crawl Stone Soup version 0.31-a0-819-gf6de2f5ab6 (webtiles) character file.

Game seed: 17520970009822958716

327 LeprechaunX the Changeling (level 6, 0/41 HPs)
             Began as an Octopode Shapeshifter on Sept 23, 2023.
             Slain by a ball python (2 damage)
             ... on level 4 of the Dungeon.
             The game lasted 00:02:30 (2329 turns).

LeprechaunX the Changeling (Octopode Shapeshifter)  Turns: 2329, Time: 00:02:30

Health: 0/41       AC:  1    Str: 15    XL:     6   Next: 50%
Magic:  6/6        EV: 13    Int: 13    God:
Gold:   219        SH:  0    Dex: 11    Spells: 5/5 levels left

rFire   . .          .
                       - Unarmed
rCold   . . .        (no shield)
rNeg    . . .        (helmet currently unavailable)
rPois   .            (no amulet)
rElec   .            (no ring)
rCorr   .            (no ring)
SInv    .            (no ring)
Will    .....        (no ring)
Stlth   ++           (no ring)
HPRegen 0.26/turn    (no ring)
MPRegen 0.10/turn    (no ring)
                     (no ring)

%: no passive effects
@: beast-form
A: beast (slay +2), almost no armour, amphibious, 8 rings, camouflage 1,
gelatinous body 1, (nimble swimmer 1), tentacles
a: Begin Untransformation


You were on level 4 of the Dungeon.
You were a hulking beast.
You visited 1 branch of the dungeon, and saw 4 of its levels.

You collected 219 gold pieces.

Inventory:

Jewellery
 f - an amulet of reflection
 t - a ring of willpower
Talismans
 b - a beast talisman (active)
 c - a flux talisman
 o - a maw talisman
Scrolls
 d - a scroll of amnesia {unknown}
 g - 2 scrolls of enchant armour {unknown}
 h - 3 scrolls of teleportation {unknown}
 k - 2 scrolls of revelation {unknown}
 l - a scroll of fog {unknown}
 n - a scroll of vulnerability {unknown}
 p - 3 scrolls of identify {unknown}
 q - a scroll of fear {unknown}
Potions
 a - a potion of lignification
 e - 2 potions of curing {unknown}
 i - 2 potions of degeneration {unknown}
 j - a potion of attraction {unknown}
 m - a potion of cancellation {unknown}
 r - a potion of haste {unknown}
 s - a potion of invisibility {unknown}
 u - a potion of ambrosia {unknown}


   Skills:
 + Level 2.8 Fighting
 + Level 3.4 Dodging
 + Level 4.1 Unarmed Combat
 * Level 4.7 Shapeshifting


You had 5 spell levels left.
You didn't know any spells.
Your spell library was empty.

Dungeon Overview and Level Annotations

Branches:
Dungeon (4/15)
 Temple: D:4-7

Altars:
The Shining One


Innate Abilities, Weirdness & Mutations

You are a hulking beast.
Your limbs bulge with bestial killing power. (Slay +2)
You cannot wear most types of armour.
You are amphibious.
You can wear up to eight rings at the same time.
Your skin changes colour to match your surroundings (Stealth+).
Your rubbery body absorbs attacks. (AC +1, EV +1)
((You are camouflaged when in or above water. (Stealth+)))
You have tentacles for arms and can constrict up to eight enemies at once.


Message History

The orc wizard barely misses you.
The goblin shouts!
You tentacle-slap the orc wizard. Your grab misses the orc wizard.
You squeeze the orc wizard, but do no damage.
The orc wizard is moderately wounded.
You hear a shout!
The ball python barely misses you. The ball python closely misses you.
The ball python bites you. The ball python misses you.
The quokka closely misses you.
The orc wizard hits you with a +0 dagger.
The ball python attacks as it pursues you!
The ball python misses you. The ball python completely misses you.
The quokka bites you.
The orc wizard hits you with a +0 dagger.
The quokka bites you.
The orc wizard attacks as it pursues you!
The orc wizard hits you but does no damage.
The quokka closely misses you.
The orc wizard casts a spell.
The orc wizard flickers and vanishes!
The quokka closely misses you.
The orc wizard mumbles some strange words.
The orc wizard flickers and vanishes!
The quokka attacks as it pursues you! The quokka misses you.
The quokka attacks as it pursues you! The quokka bites you. x2
* * * LOW HITPOINT WARNING * * *
The quokka attacks as it pursues you! The quokka closely misses you.
There is an open door here.
The quokka attacks as it pursues you! The quokka bites you.
* * * LOW HITPOINT WARNING * * *
There's a creature in the doorway!
There's a creature in the doorway!
You closely miss the quokka. You grab the quokka. You constrict the quokka.
The quokka bites you.
* * * LOW HITPOINT WARNING * * *
You tentacle-slap the quokka but do no damage.
You tentacle-slap the quokka.
You kill the quokka!
Unknown command.
The ball python bites you.
You die...

#.### #...# ###†###### ..
#......## $. ####
###.....# . ..# #[....#
#.###.######.....#
####.#...#...#####'###.##
.........†Sh.'.(..........
.#####o.##...############.
#..######
..#####.......####
.......o.###......
.####(#...!.......
#.#..o)....... #
####g....... #........


You could see an orc and a ball python.

Vanquished Creatures
  Sigmund (D:3)
  4 gnolls (D:3)
  2 adders
  2 worms (D:3)
  A dart slug (D:1)
  9 orcs
  6 bats
  5 endoplasms
  2 giant cockroaches (D:3)
  6 goblins
  6 hobgoblins
  8 jackals
  12 kobolds
  9 quokkas
  4 ball pythons
  3 frilled lizards
  9 rats
89 creatures vanquished.

Notes
Turn   | Place    | Note
-------+----------+-------------------------------------------
     0 | D:1      | LeprechaunX the Octopode Shapeshifter began the quest for
                  | the Orb.
     0 | D:1      | Reached XP level 1. HP: 13/13 MP: 1/1
    43 | D:1      | Reached XP level 2. HP: 18/18 MP: 2/2
   240 | D:1      | Found a faded altar of an unknown god.
   517 | D:1      | Reached XP level 3. HP: 20/23 MP: 3/3
   888 | D:2      | Found a glowing golden altar of the Shining One.
  1097 | D:3      | Noticed Sigmund
  1103 | D:3      | Killed Sigmund
  1104 | D:3      | Reached XP level 4. HP: 30/30 MP: 4/4
  1104 | D:3      | Reached XP level 5. HP: 35/35 MP: 5/5
  1147 | D:3      | Reached XP level 6. HP: 27/41 MP: 6/6
  2327 | D:4      | HP: 2/41 [quokka (4)]
  2329 | D:4      | Slain by a ball python

Illustrated notes

Levels and vault maps discovered:
D:1:      psy_arrival_whirlpool, layout_basic, shapermc_ecumenical_altar_venn
D:2:      layout_rooms, basic_altar
D:3:      layout_basic, minmay_misc_feat_secret_circle,
          minmay_fractal_squares_diagonal_5, uniq_sigmund
D:4:      layout_basic, uniq_pikel, uniq_menkaure, uniq_grinder

Skill      XL: |  1  2  3  4  5  6 |
---------------+-------------------+-----
Fighting       | 2 |  2.8
Dodging        | 3 |  3.4
Shapeshifting  | 4 |  4.7
Unarmed Combat | 4 |  4.1

Action                     |  1- 3 |  4- 6 || total
---------------------------+-------+-------++-------
  Melee: Unarmed           |    75 |    87 ||   162
         Constrict         |    19 |    24 ||    43
         Punch             |     3 |     3 ||     6
         Tentacles         |    12 |    13 ||    25
   Stab: Sleeping          |     6 |     9 ||    15
         Distracted        |       |     1 ||     1
 Armour: Skin              |    19 |    44 ||    63
  Dodge: Dodged            |    43 |    56 ||    99

Table legend: (Time is in decaauts)
 A = Elapsed time spent in this place.
 B = Non-inter-level travel time spent in this place.
 C = Inter-level travel time spent in this place.
 D = Time resting spent in this place.
 E = Time spent auto-exploring this place.
 F = Levels seen in this place.
 G = Mean time per level.
                   A        B        C        D        E       F      G
               +--------+--------+--------+--------+--------+-----+--------+
         Total |   2317 |   2198 |    119 |    160 |   1612 |   4 |  579.2 |
       Dungeon |   2317 |   2198 |    119 |    160 |   1612 |   4 |  579.2 |
               +--------+--------+--------+--------+--------+-----+--------+

Top non-repeatable levels by time:
     D:3: 1171 daAuts
     D:1: 718 daAuts
     D:2: 355 daAuts
     D:4: 72 daAuts
